 Dungeon Crawl Stone Soup version 0.19-a0-291-ga637243 (webtiles) character file.

18 epen the Ducker (level 2, -18/14 HPs)
             Began as a Felid Chaos Knight on May 27, 2016.
             Killed by an exploding ball lightning (28 damage)
             ... created by the player character
             ... on level 2 of the Dungeon.
             The game lasted 00:01:11 (981 turns).

epen the Ducker (Felid Chaos Knight)                 Turns: 981, Time: 00:01:12

Health: -18/14     AC:  1    Str:  8    XL:     2   Next: 51%
Magic:  3/3        EV: 18    Int: 13    God:    Xom [*.....]
Gold:   49         SH:  0    Dex: 15    Spells: 0 memorised, 1 level left
                                        Lives:  0   Deaths: 0

rFire  . . .     SeeInvis +       - Unarmed
rCold  . . .     Gourm    .     (armour unavailable)
rNeg   . . .     Faith    .     (shield unavailable)
rPois  .         Spirit   .     (helmet unavailable)
rElec  .         Dismiss  .     (cloak unavailable)
rCorr  .         Reflect  .     (gloves unavailable)
SustAt .         Harm     .     (boots unavailable)
MR     .....                    (no amulet)
Stlth  ++........               (no ring)
                                (no ring)

@: quick, not resistant to hostile enchantments, unstealthy
A: no armour, no weapons or thrown items, claws 1, fangs 3, see invisible,
carnivore 3, speed 1, mutation resistance 1, shaggy fur 1, slow regeneration 1,
slow metabolism 1, sharp paws
a: Renounce Religion


You were on level 2 of the Dungeon.
You worshipped Xom.
You were a special plaything of Xom.
You were full.

You visited 1 branch of the dungeon, and saw 2 of its levels.

You collected 49 gold pieces.

Inventory:

Scrolls
 b - a scroll of fog {unknown}
 d - a scroll of enchant armour {unknown}
Comestibles
 a - a meat ration
 c - a beef jerky


   Skills:
 + Level 3.2 Fighting
 * Level 3.6 Dodging
 * Level 3.5 Unarmed Combat


You had one spell level left.
You didn't know any spells.

Dungeon Overview and Level Annotations

Branches:
Dungeon (2/15)

Altars:


Innate Abilities, Weirdness & Mutations

You cannot wear armour.
You are incapable of wielding weapons or throwing items.
You have sharp claws.
You have razor-sharp teeth.
You have supernaturally acute eyesight. (SInv)
You are carnivorous and can eat meat at any time.
You cover ground quickly.
You are covered in fur. (AC +1)
You have a slow metabolism.
Your sharp claws are effective at attacking unaware monsters.
You are somewhat resistant to further mutation.
You regenerate slowly when monsters are visible.


Message History

There is a stone staircase leading down here.
Done exploring.
Done exploring.
You climb downwards.
There is a stone staircase leading up here.
A worm and a giant cockroach come into view.
There are monsters nearby!
Found a short sword.
A jackal comes into view.
The jackal barks!
A bat, an adder and a jackal come into view.
Xom guffaws.
You create some ball lightning!
A giant cockroach and a hobgoblin come into view.
A jackal comes into view.
Your ball lightning explodes!
The blast of lightning engulfs you!
Ouch! That really hurt!
You die...
Xom laughs nastily!

#.................
...........#.#..........
......###..#.#.#.##.....
...... #..#....(.#.....
...S. #..#...#.<#.....
.s.hb. #..#.###..# ####
hg..h###.........#######
#...#.........[......
#s.@.##.###.........
#.......# #...<.....
#.*..######..<[รท....
...w..# ##.#.........
.......# #............
.........# ##.#.........
....)....# ###.........
.....##### #.........
#.........


You could see a worm, an adder, 3 jackals, 2 giant cockroaches, a hobgoblin, a
bat and a friendly ball lightning.

Vanquished Creatures
  An adder (D:2)
  A goblin (D:2)
  2 hobgoblins (D:1)
  A bat (D:2)
  A giant newt (D:1)
  3 kobolds
  2 rats
11 creatures vanquished.

Notes
Turn   | Place    | Note
--------------------------------------------------------------
     0 | D:1      | epen the Felid Chaos Knight began the quest for the Orb.
     0 | D:1      | Reached XP level 1. HP: 10/10 MP: 2/2
   102 | D:1      | XOM: silly message
   202 | D:1      | XOM: divination: magic mapping
   590 | D:2      | Reached XP level 2. HP: 4/14 MP: 3/3
   755 | D:2      | XOM: god gift: robe {god gift}
   780 | D:2      | XOM: god gift: puce potion {god gift}
   829 | D:2      | Gained mutation: You regenerate slowly when monsters are visible. [potion of mutation]
   829 | D:2      | Gained mutation: You are somewhat resistant to further mutation. [potion of mutation]
   869 | D:2      | XOM: harmless Fire miscast
   980 | D:2      | XOM: cast spell 'Conjure Ball Lightning'
   981 | D:2      | Killed by an exploding ball lightning

Vault maps used:
D:1:      roderic_dead_forest, minmay_liquid_box
D:2:      wad_river_or_something, first_bread, nrook_loot_triangle

Action                   || total
-------------------------++-------
Melee: Unarmed           ||    47
       Bite              ||     3
       Punch             ||     1
  Use: Potion            ||     1
 Stab: Sleeping          ||     1
  Eat: Chunk             ||     3
Armor: Skin              ||     1
Dodge: Dodged            ||    34
